 Dungeon Crawl Stone Soup version 0.18.1-6-gd335043 (webtiles) character file.

360306 Chiseanne the Spriggan Catapult (level 21, -3/98 HPs)
             Began as a Spriggan Hunter on May 17, 2016.
             Was an Initiate of Gozag.
             Shot with a bolt by a yaktaur captain (39 damage)
             ... on level 5 of a ziggurat on May 18, 2016.
             The game lasted 05:35:21 (53715 turns).

Chiseanne the Spriggan Catapult (Spriggan Hunter)  Turns: 53715, Time: 05:35:22

Health: -3/98      AC:  9    Str: 12    XL:     21   Next: 47%
Magic:  22/39      EV: 43    Int: 17    God:    Gozag
Gold:   671        SH: 13    Dex: 26    Spells: 15 memorised, 7 levels left

rFire  . . .     SeeInvis +     e - +9 hunting sling (venom)
rCold  . . .     Gourm    .     r - +1 robe "Vicros" {rElec}
rNeg   + . .     Faith    .     m - +3 buckler {AC+3}
rPois  +         Spirit   .     (helmet restricted)
rElec  +         Dismiss  .     H - +2 cloak {rPois}
rCorr  .         Reflect  .     (gloves unavailable)
SustAt .         Harm     .     (boots unavailable)
MR     ++++.                    B - amulet of regeneration
Stlth  +++++++...               d - ring of Cebeiwos {Fire Str+4 Int+4 Slay+2 Stlth+}
                                G - ring "Nydopu" {Ice rN+ MR+ Slay+3}

@: gold aura, repel missiles, very quick, incredibly resistant to hostile
enchantments, extremely stealthy
A: unfitting armour, see invisible, herbivore 3, speed 3, poison resistance,
slow metabolism 2
a: Potion Petition, Call Merchant, Bribe Branch, Renounce Religion
}: 2/15 runes: decaying, serpentine


You were on level 5 of a ziggurat.
You worshipped Gozag.
Gozag was noncommittal.
You were full.

You visited 8 branches of the dungeon, and saw 41 of its levels.
You visited 1 ziggurat, and saw 5 of its levels.
You also visited: Sewer.

You collected 17653 gold pieces.
You spent 7293 gold pieces at shops.
You paid 9689 gold pieces to Gozag.

Inventory:

Hand Weapons
 a - the +9 dagger of Chilly Death {flash freeze, rPois rF- rC++ MR+}
   (You bought it in a shop on level 8 of the Dungeon)

   It has been specially enchanted to freeze those struck by it, causing extra
   injury to most foes and up to half again as much damage against particularly
   susceptible opponents.
   It can also slow down cold-blooded creatures.
   It makes you vulnerable to fire.
   It greatly protects you from cold.
   It protects you from poison.
   It affects your resistance to hostile enchantments.
 e - a +9 hunting sling of venom (weapon)
 q - a +1 blowgun of evasion
 w - the +5 blowgun of Joyful Slaughter {speed, rPois MR+ Str+2 Int+5}
   (You bought it in a shop on level 3 of the Lair of Beasts)

   Attacks with this weapon are significantly faster.
   It affects your strength (+2).
   It affects your intelligence (+5).
   It protects you from poison.
   It affects your resistance to hostile enchantments.
Missiles
 b - 6 needles of sleeping
 h - 579 stones
 j - 8 needles of paralysis
 o - 8 curare-tipped needles
 s - 52 sling bullets (quivered)
 y - 103 poisoned needles
 C - a throwing net {!*}
Armour
 m - a +3 buckler of protection (worn)
 r - the +1 robe "Vicros" (worn) {rElec}
   (You found it on level 3 of the Elven Halls)

   It insulates you from electricity.
 H - a +2 cloak of poison resistance (worn)
Jewellery
 d - the ring of Cebeiwos (right hand) {Fire Str+4 Int+4 Slay+2 Stlth+}
   (You found it on level 8 of the Lair of Beasts)

   [ring of fire]

   It enhances your fire magic, and weakens your ice magic.
   It affects your strength (+4).
   It affects your intelligence (+4).
   It affects your accuracy and damage with ranged weapons and melee attacks
   (+2).
   It protects you from fire.
   It makes you vulnerable to cold.
   It makes you more stealthy.
 B - an amulet of regeneration (around neck)
 G - the ring "Nydopu" (left hand) {Ice rN+ MR+ Slay+3}
   (You bought it in a shop on level 2 of the Orcish Mines)

   [ring of ice]

   It enhances your ice magic, and weakens your fire magic.
   It affects your accuracy and damage with ranged weapons and melee attacks
   (+3).
   It makes you vulnerable to fire.
   It protects you from cold.
   It protects you from negative energy.
   It affects your resistance to hostile enchantments.
 X - an uncursed ring of protection from fire
 Z - an uncursed ring of protection from cold
Wands
 M - a wand of hasting (0/9)
 V - a wand of disintegration (0/24)
Scrolls
 c - 4 scrolls of recharging
 g - a scroll of enchant weapon
 l - 9 scrolls of immolation
 t - 13 scrolls of teleportation
 v - 2 scrolls of magic mapping
 A - 2 scrolls of silence
 E - 5 scrolls of holy word
 F - 18 scrolls of remove curse
 J - 8 scrolls of fog
 P - 2 scrolls of summoning
 T - 11 scrolls of identify
 W - a scroll of fear
 Y - 4 scrolls of blinking
Potions
 k - 2 potions of haste
 n - 9 potions of curing
 p - 2 potions of agility
 x - 3 potions of resistance
 z - 4 potions of ambrosia
 K - 5 potions of might
 L - a potion of invisibility
 N - 2 potions of cancellation
 Q - 2 potions of berserk rage
 S - 6 potions of magic
Miscellaneous
 i - a sack of spiders
 D - a phial of floods (inert)
Comestibles
 f - 18 bread rations


   Skills:
 - Level 5.9 Fighting
 - Level 5.0 Short Blades
 O Level 27 Slings
 - Level 23.6 Dodging
 - Level 10.4 Stealth
 - Level 8.0 Shields
 - Level 13.0 Spellcasting
 - Level 3.8 Hexes
 - Level 8.4 Translocations
 - Level 5.0 Air Magic
 - Level 7.6 Poison Magic
 + Level 6.0 Evocations


You had 7 spell levels left.
You knew the following spells:

 Your Spells              Type           Power        Failure   Level  Hunger
a - Apportation           Tloc           #####.....   1%          1    None
b - Blink                 Tloc           N/A          1%          2    None
c - Mephitic Cloud        Conj/Pois/Air  ####....     3%          3    None
d - Tukima's Dance        Hex            ###.....     4%          3    None
e - Passage of Golubria   Tloc           N/A          1%          4    ##.....
f - Olgreb's Toxic Radia  Pois           #####...     3%          4    ##.....
g - Ignite Poison         Fire/Trmt/Pois ###.....     10%         3    None
h - Summon Butterflies    Summ           ##......     10%         1    None
i - Cure Poison           Pois           #####.....   1%          2    None
j - Shroud of Golubria    Chrm/Tloc      ####......   1%          2    None
k - Repel Missiles        Chrm/Air       ###...       3%          2    None
l - Inner Flame           Hex/Fire       ###.....     10%         3    None
m - Teleport Other        Tloc           #####...     1%          3    None
n - Gell's Gravitas       Hex/Tloc       ####......   1%          3    None
o - Confuse               Hex            ###.....     4%          3    None


Dungeon Overview and Level Annotations

Branches:
Dungeon (15/15)            Temple (0/1) D:5            Lair (8/8) D:8
  Swamp (4/4) Lair:4        Snake (4/4) Lair:3        Slime (0/6) Lair:7
    Orc (2/2) D:12            Elf (3/3) Orc:2        Vaults (4/5) D:13
 Depths (1/5) D:15
  Crypt: Vaults:2-3

Altars:
Cheibriados
Dithmenos
Gozag
Makhleb
Pakellas
Sif Muna
Trog
Xom
Jiyva

Shops:
D:6 =   D:8 ?*([(   D:9 *   D:11 (!   D:13 [   D:15 ?   Orc:2 =!:*(   Elf:2 (
Lair:3 (   Lair:4 (

Portals:
Abyss: Depths:1
Trove: D:13 (give +2 storm dragon armour)

Annotations:
D:12 Rupert
Swamp:2 exclusion: upstairs
Snake:3 exclusion: downstairs
Snake:4 Mara, Roxanne
Elf:2 4 runed doors


Innate Abilities, Weirdness & Mutations

You are tiny and cannot use many weapons and most armour.
You have supernaturally acute eyesight.
You are a herbivore.
You cover ground extremely quickly.
You need consume almost no food.
Your system is resistant to poisons.


Message History

The yaktaur captain is moderately wounded.
The vault sentinel is distracted by the nearby gold.
Casting: Ignite Poison
Confirm with . or Enter, or press ? or * to list all spells.
You ignite the poison in your surroundings!
The yaktaur captain seems to burn from within!
The yaktaur captain is almost dead.
The vault sentinel seems to burn from within!
You kill the vault sentinel!
Your Evocations skill increases to level 6!
The yaktaur captain shoots a bolt.
The bolt hits you!!
Firing (i - inventory. (,) - cycle):
s - 53 sling bullets (quivered)
Press: ? - help, Shift-Dir - straight line, f/p - yaktaur captain
Aim: a yaktaur captain, wielding an arbalest (almost dead)
You shoot a sling bullet.
The sling bullet hits the yaktaur captain.
The yaktaur captain is almost dead.
The yaktaur captain shoots a bolt.
The bolt hits you!!!
You die...
Your body crumbles into a pile of gold.

▓▓▓▓▓▓▓▓▓▓▓
▓▓▓.........▓▓▓
▓.............▓
▓.............▓
▓.......@...=!▓
▓.....#≈#..((∩▓
▓∩....≈#≈.$()>▓
▓...§.#≈#.$.$∩▓
▓...§§...c.$..▓
▓...........(.▓
▓........(.($$▓
▓▓▓..§......▓▓▓
▓▓▓▓▓▓▓▓▓▓▓


You could see a yaktaur captain.

Vanquished Creatures
  the Lernaean hydra (Swamp:4)
  Norris (Snake:4)
  A Killer Klown (Zig:2)
  A deep elf blademaster (Elf:2)
  4 deep elf master archers (Elf:3)
  A quicksilver dragon (Zig:3)
  A sphinx (Zig:5)
  Kirke (Elf:1)
  A storm dragon (Zig:3)
  16 greater nagas
  Wiglaf (Snake:4)
  A fire giant (Depths:1)
  5 deep elf sorcerers (Elf:3)
  Donald (Elf:2)
  Aizul (Snake:3)
  A frost giant (Depths:1)
  Louise (Orc:2)
  4 vault wardens
  2 ironheart preservers
  7 deep elf elementalists
  A vampire knight (Depths:1)
  6 stone giants
  2 very ugly things (Depths:1)
  9 deep elf annihilators (Elf:3)
  3 deep elf demonologists
  Nessos (Lair:8)
  2 ettins
  4 spark wasps (Depths:1)
  3 deep elf death magi
  9 vault guards
  2 great orbs of eyes (Vaults:4)
  2 ice dragons (Depths:1)
  A yaktaur captain (Vaults:4)
  2 fire dragons (Depths:1)
  11 deep elf high priests
  An entropy weaver (Depths:1)
  11 naga warriors
  8 anacondas
  8 centaur warriors
  16 hydras
  3 catoblepae
  A merfolk aquamancer (Zig:4)
  2 alligators (Swamp:4)
  4 ogre magi
  6 death yaks (Lair:8)
  2 deep troll earth magi (Depths:1)
  3 tengu warriors
  3 shock serpents
  5 hell knights (Depths:1)
  8 naga sharpshooters
  Sonja (Lair:4)
  3 orc high priests (Orc:2)
  17 deep elf knights
  12 sea snakes
  A death drake (Zig:3)
  A flayed ghost (Depths:1)
  A fire crab (Zig:5)
  3 deep trolls (Depths:1)
  6 unseen horrors
  12 naga ritualists
  An anubis guard (shapeshifter) (Elf:3)
  3 giant orange brains
  Pikel (D:8)
  11 deep elf archers
  2 shambling mangroves
  A phantasmal warrior (Vaults:4)
  3 ironbrand convokers
  8 orc knights
  12 swamp dragons (Swamp:4)
  4 lindwurms (Lair:8)
  4 hill giants
  7 mana vipers
  A necromancer (D:15)
  An orb spider (shapeshifter) (Elf:1)
  7 orc sorcerers
  46 deep elf magi
  A hornet (shapeshifter) (Depths:1)
  17 ugly things
  A cyclops (shapeshifter) (D:15)
  3 hornets (Swamp:2)
  3 wizards
  6 griffons
  8 salamanders
  4 manticores
  6 cyclopes
  13 elephants
  A guardian serpent (shapeshifter) (Elf:1)
  16 naga magi
  An apocalypse crab (Zig:2)
  35 black mambas
  10 guardian serpents
  3 vault sentinels
  2 gargoyles
  18 spiny frogs
  A spiny frog (shapeshifter) (Elf:2)
  A torpor snail (shapeshifter) (Zig:5)
  3 torpor snails
  4 centaur skeletons
  5 yaktaurs
  7 rime drakes
  12 komodo dragons
  An efreet (D:13)
  2 demonic crawlers (D:12)
  4 freezing wraiths
  2 merfolk (Zig:4)
  A red devil (Depths:1)
  2 tengu conjurers
  7 trolls
  4 two-headed ogres
  A boulder beetle (Vaults:4)
  20 slime creatures
  3 giant leeches
  22 blink frogs
  5 bog bodies
  A wind drake (Zig:4)
  3 air elementals
  33 yaks
  A spriggan (Swamp:1)
  3 redbacks (Depths:1)
  5 water elementals
  2 wraiths
  A vampire (D:15)
  A wyvern (Lair:4)
  A hog (Elf:1)
  9 hippogriffs
  6 basilisks
  5 fire elementals
  2 hungry ghosts
  31 nagas
  Menkaure (D:7)
  A warg (Vaults:4)
  3 insubstantial wisps (Swamp:2)
  3 mottled dragons
  2 vampire mosquitoes (D:13)
  17 water moccasins
  7 swamp worms
  16 porcupines
  26 orc warriors
  8 swamp drakes
  A sky beast (D:13)
  A slave (D:8)
  6 ice beasts
  A phantom (D:8)
  8 boggarts (Depths:1)
  2 wasps
  A necrophage (D:6)
  2 wolves
  26 centaurs
  18 ogres
  15 crocodiles
  18 giant frogs
  2 big kobolds (D:11)
  5 scorpions
  A wyvern skeleton (D:14)
  2 jellies
  17 killer bees
  14 wights
  7 electric eels
  4 howler monkeys
  7 crimson imps
  4 vampire bats (D:12)
  A quasit (D:9)
  6 hounds
  Crazy Yiuf (D:7)
  2 centaur zombies
  22 orc priests
  23 orc wizards
  A giant frog skeleton (D:9)
  Jessica (D:3)
  16 iguanas
  A hell rat (shapeshifter) (Depths:1)
  11 worker ants
  3 yak simulacra (D:15)
  A polar bear simulacrum (D:15)
  39 sheep
  2 wolf simulacra (D:15)
  16 adders
  71 river rats
  4 shadow imps
  2 oozes
  An adder zombie (D:5)
  12 worms
  A dart slug (D:4)
  3 giant geckos
  90 orcs
  12 giant cockroaches
  4 goblins
  11 hobgoblins
  8 jackals
  2 quokkas (D:7)
  5 ball pythons
  12 bats
  A giant gecko skeleton (D:6)
  5 giant newts
  15 kobolds
  A quokka skeleton (D:4)
  A quokka zombie (D:7)
  8 rats
  5 river rat simulacra (D:15)
  16 fungi
  12 plants
1413 creatures vanquished.

Vanquished Creatures (collateral kills)
  A pandemonium lord (Zig:1)
  A centaur zombie (D:11)
2 creatures vanquished.

Vanquished Creatures (others)
  13 dancing weapons
  A deep elf mage (Elf:2)
  A black mamba (Snake:4)
  3 humans (Elf:1)
  A worker ant zombie (D:8)
  4 jackals (D:8)
  18 fungi
  22 plants
63 creatures vanquished.

Grand Total: 1478 creatures vanquished

Notes
Turn   | Place    | Note
--------------------------------------------------------------
     0 | D:1      | Chiseanne the Spriggan Hunter began the quest for the Orb.
     0 | D:1      | Reached XP level 1. HP: 10/10 MP: 2/2
   134 | D:1      | Reached skill level 5 in Slings
   205 | D:1      | Reached XP level 2. HP: 14/14 MP: 3/3
   917 | D:2      | Found a burning altar of Makhleb.
  1007 | D:2      | Found a bloodstained altar of Trog.
  1008 | D:2      | Found a shimmering altar of Xom.
  1046 | D:2      | Reached XP level 3. HP: 18/18 MP: 4/4
  1284 | D:2      | Found a snail-covered altar of Cheibriados.
  1529 | D:2      | Found an oddly glowing altar of Pakellas.
  1529 | D:2      | Found a deep blue altar of Sif Muna.
  1532 | D:2      | Found a shadowy altar of Dithmenos.
  1533 | D:2      | Found an opulent altar of Gozag.
  1556 | D:2      | Became a worshipper of Gozag Ym Sagoz the Greedy
  1943 | D:3      | Reached skill level 5 in Dodging
  1947 | D:3      | Noticed Jessica
  1959 | D:3      | Killed Jessica
  1959 | D:3      | Reached XP level 4. HP: 9/22 MP: 5/5
  2254 | D:3      | Reached skill level 6 in Slings
  2415 | D:3      | Reached XP level 5. HP: 25/25 MP: 6/6
  3169 | D:4      | Found a glowing drain.
  3173 | Sewer    | Entered a sewer
  3253 | Sewer    | Noticed a crocodile
  3286 | Sewer    | Killed a crocodile
  3286 | Sewer    | Reached skill level 7 in Slings
  3286 | Sewer    | Reached XP level 6. HP: 13/30 MP: 7/7
  3792 | D:4      | Found Peohipn's Distillery.
  3803 | D:4      | Bought a potion of lignification for 39 gold pieces
  3803 | D:4      | Bought a potion of resistance for 130 gold pieces
  3803 | D:4      | Bought 2 potions of flight for 78 gold pieces
  3803 | D:4      | Bought a potion of ambrosia for 104 gold pieces
  3803 | D:4      | Bought a potion of might for 52 gold pieces
  3803 | D:4      | Bought a potion of brilliance for 52 gold pieces
  4247 | D:4      | Reached XP level 7. HP: 33/33 MP: 8/8
  4400 | D:5      | Entered Level 5 of the Dungeon
  4502 | D:5      | Reached skill level 8 in Slings
  5301 | D:5      | Found a staircase to the Ecumenical Temple.
  5411 | D:5      | Reached skill level 9 in Slings
  5463 | D:5      | Reached skill level 10 in Dodging
  5463 | D:5      | Reached XP level 8. HP: 37/37 MP: 9/9
  5880 | D:6      | Gained mutation: Your system is resistant to poisons. [potion of beneficial mutation]
  5904 | D:6      | Found Widoycky's Jewellery Boutique.
  5912 | D:6      | Bought a cursed ring of loudness for 63 gold pieces
  6313 | D:6      | Reached skill level 10 in Slings
  6663 | D:7      | Noticed Menkaure
  6671 | D:7      | Killed Menkaure
  6880 | D:7      | Reached XP level 9. HP: 33/41 MP: 10/10
  7270 | D:7      | Reached skill level 11 in Slings
  7441 | D:7      | Noticed Crazy Yiuf
  7454 | D:7      | Killed Crazy Yiuf
  7573 | D:8      | Found Jafecu's General Store.
  7589 | D:8      | Bought a potion of curing for 42 gold pieces
  7589 | D:8      | Bought a scroll of fog for 28 gold pieces
  7890 | D:8      | Bought a +1 blowgun of evasion for 150 gold pieces
  8206 | D:8      | Reached skill level 12 in Slings
  8337 | D:8      | Noticed Pikel
  8390 | D:8      | Killed Pikel
  8492 | D:8      | Found a staircase to the Lair.
  8679 | D:8      | Reached XP level 10. HP: 36/46 MP: 11/11
  9500 | D:9      | Found Yrupros's General Store.
  9508 | D:9      | Bought a scroll of holy word for 120 gold pieces
  9508 | D:9      | Bought a potion of heal wounds for 80 gold pieces
  9508 | D:9      | Bought a scroll of vulnerability for 120 gold pieces
  9508 | D:9      | Bought a scroll of teleportation for 48 gold pieces
  9508 | D:9      | Bought a scroll of remove curse for 48 gold pieces
  9716 | D:9      | Reached skill level 13 in Slings
 10010 | D:9      | Reached skill level 15 in Dodging
 10432 | D:9      | Bought 11 sling bullets for 88 gold pieces
 10432 | D:9      | Bought 18 sling bullets for 144 gold pieces
 10468 | D:10     | Entered Level 10 of the Dungeon
 10700 | D:10     | Noticed a hill giant
 10716 | D:10     | Killed a hill giant
 10716 | D:10     | Reached skill level 14 in Slings
 11197 | D:11     | Noticed a purple ugly thing
 11309 | D:10     | Killed a purple ugly thing
 11309 | D:10     | Reached XP level 11. HP: 49/49 MP: 12/12
 11711 | D:11     | Noticed an unseen horror
 11737 | D:11     | Killed an unseen horror
 12047 | D:11     | Found Ziaxt's Distillery.
 12050 | D:11     | Bought a potion of berserk rage for 65 gold pieces
 12050 | D:11     | Bought a potion of curing for 39 gold pieces
 12050 | D:11     | Bought a potion of agility for 52 gold pieces
 12050 | D:11     | Bought 2 potions of resistance for 260 gold pieces
 12188 | D:11     | Reached skill level 15 in Slings
 12191 | D:11     | Learned a level 1 spell: Apportation
 12364 | D:12     | Noticed Rupert
 12529 | Lair:1   | Entered Level 1 of the Lair of Beasts
 12816 | Lair:1   | Learned a level 2 spell: Blink
 13312 | Lair:2   | Reached skill level 1 in Spellcasting
 13318 | Lair:2   | Reached skill level 1 in Translocations
 13374 | Lair:2   | Noticed a seven-headed hydra
 13459 | Lair:2   | Killed a seven-headed hydra
 13463 | Lair:2   | Learned a level 2 spell: Shroud of Golubria
 13512 | Lair:2   | Noticed an eight-headed hydra
 13533 | Lair:2   | Killed an eight-headed hydra
 13693 | Lair:2   | Noticed an eight-headed hydra
 13694 | Lair:2   | Got a faintly humming robe
 13719 | Lair:2   | Killed an eight-headed hydra
 13730 | Lair:2   | Identified the +0 robe of the Wheelwright {rCorr Int+2} (You found it on level 2 of the Lair of Beasts)
 14461 | Lair:3   | Reached XP level 12. HP: 53/53 MP: 18/18
 14557 | Lair:3   | Noticed a four-headed hydra
 15296 | Lair:3   | Killed a four-headed hydra
 15296 | Lair:3   | Reached skill level 16 in Slings
 15308 | Lair:3   | Learned a level 3 spell: Teleport Other
 15313 | Lair:3   | Learned a level 4 spell: Passage of Golubria
 15338 | Lair:3   | Found a staircase to the Snake Pit.
 15364 | Lair:3   | Reached skill level 5 in Translocations
 15598 | Lair:3   | Reached skill level 5 in Spellcasting
 16269 | Lair:3   | Bought a scorched blowgun for 217 gold pieces
 16269 | Lair:3   | Identified the +5 blowgun of Joyful Slaughter {speed, rPois MR+ Str+2 Int+5} (You bought it in a shop on level 3 of the Lair of Beasts)
 17299 | Lair:4   | Reached skill level 17 in Slings
 17359 | Lair:4   | Noticed Sonja
 17381 | Lair:4   | Killed Sonja
 17432 | Lair:4   | Found a staircase to the Swamp.
 17965 | Lair:4   | Reached XP level 13. HP: 35/57 MP: 14/24
 18746 | Lair:5   | Learned a level 2 spell: Cure Poison
 19096 | Lair:6   | Learned a level 3 spell: Mephitic Cloud
 19468 | Lair:6   | Reached skill level 1 in Poison Magic
 19974 | Lair:7   | Found a staircase to the Slime Pits.
 19975 | Lair:7   | Found a viscous altar of Jiyva.
 20333 | Lair:7   | Reached skill level 18 in Slings
 20963 | Lair:8   | Entered Level 8 of the Lair of Beasts
 21340 | Lair:8   | Reached skill level 5 in Poison Magic
 21511 | Lair:8   | Noticed Nessos
 21523 | Lair:8   | Killed Nessos
 22123 | Lair:8   | Reached XP level 14. HP: 61/61 MP: 24/28
 22360 | Lair:8   | Reached skill level 19 in Slings
 23227 | Lair:8   | Got a pitted gossamer ring
 23228 | Lair:8   | Identified the ring of Cebeiwos {Fire Str+4 Int+4 Slay+2 Stlth+} (You found it on level 8 of the Lair of Beasts)
 23885 | D:12     | Reached skill level 10 in Spellcasting
 23888 | D:12     | Learned a level 1 spell: Summon Butterflies
 23893 | D:12     | Learned a level 4 spell: Olgreb's Toxic Radiance
 23897 | D:12     | Learned a level 3 spell: Tukima's Dance
 24242 | D:13     | Bought a +2 cloak of poison resistance for 351 gold pieces
 24394 | D:13     | Found a portal to a secret trove of treasure.
 24540 | D:13     | Reached skill level 1 in Air Magic
 25870 | D:13     | Found a gate to the Vaults.
 26546 | D:15     | Entered Level 15 of the Dungeon
 26988 | D:15     | Found a staircase to the Depths.
 27008 | D:15     | Reached XP level 15. HP: 65/65 MP: 29/31
 27019 | D:15     | Reached skill level 20 in Slings
 27559 | D:14     | Found a shadowy altar of Dithmenos.
 27963 | D:14     | Reached skill level 5 in Air Magic
 28271 | D:12     | Found a staircase to the Orcish Mines.
 28312 | Orc:1    | Entered Level 1 of the Orcish Mines
 29017 | Orc:2    | Entered Level 2 of the Orcish Mines
 29280 | Orc:2    | Found a staircase to the Elven Halls.
 29326 | Orc:2    | Found Weath's Jewellery Shoppe.
 29336 | Orc:2    | Bought a cursed amulet of inaccuracy for 28 gold pieces
 29336 | Orc:2    | Bought an uncursed amulet of regeneration for 420 gold pieces
 30560 | Orc:2    | Found Ehyih's Distillery.
 30563 | Orc:2    | Found Dukux's General Store.
 30577 | Orc:2    | Found Lusasuf's Antique Weapon Emporium.
 30579 | Orc:2    | Found Ofiokhlo's Book Shop.
 31519 | D:8      | Bought the +5 hunting sling "Killer Bee's Foe" {flame, Int+2} for 622 gold pieces
 31519 | D:8      | Bought 12 sling bullets for 96 gold pieces
 31595 | Snake:1  | Entered Level 1 of the Snake Pit
 31793 | D:8      | Bought the +9 dagger of Chilly Death {flash freeze, rPois rF- rC++ MR+} for 1138 gold pieces
 32249 | Snake:2  | Noticed a greater naga
 32267 | Snake:2  | Killed a greater naga
 32532 | Snake:3  | Noticed a greater naga
 33025 | Snake:2  | Reached skill level 5 in Fighting
 33408 | Snake:4  | Entered Level 4 of the Snake Pit
 33587 | Snake:2  | Reached skill level 5 in Stealth
 34191 | D:12     | Reached XP level 16. HP: 77/77 MP: 34/34
 34319 | Elf:1    | Entered Level 1 of the Elven Halls
 34319 | Elf:1    | Noticed Louise
 34455 | Orc:2    | Killed Louise
 34849 | Elf:1    | Reached skill level 10 in Stealth
 34927 | Elf:1    | Noticed Kirke
 34957 | Elf:1    | Noticed a sphinx
 34962 | Elf:1    | Killed Kirke
 35623 | Elf:1    | Reached skill level 5 in Short Blades
 36115 | Elf:1    | Learned a level 2 spell: Repel Missiles
 36225 | Elf:2    | Reached skill level 21 in Slings
 36667 | Elf:2    | Found Teosak's Weapon Boutique.
 36669 | Elf:2    | Bought 2 needles of paralysis for 15 gold pieces
 37447 | Elf:2    | Reached skill level 22 in Slings
 37822 | Elf:2    | Found a large runed door.
 37822 | Elf:2    | Found a large runed door.
 37845 | Elf:2    | Found a large runed door.
 37845 | Elf:2    | Found a large runed door.
 37878 | Elf:3    | Entered Level 3 of the Elven Halls
 38060 | Elf:3    | Noticed a deep elf master archer
 38063 | Elf:3    | Noticed a deep elf master archer
 38114 | Elf:3    | Killed a deep elf master archer
 38123 | Elf:3    | Reached XP level 17. HP: 81/81 MP: 25/35
 38269 | Elf:3    | Killed a deep elf master archer
 38577 | Elf:3    | Reached skill level 23 in Slings
 38694 | Elf:3    | Noticed a deep elf blademaster
 38699 | Elf:3    | Noticed Donald
 38729 | Elf:2    | Killed a deep elf blademaster
 38998 | Elf:2    | Killed Donald
 40050 | Elf:2    | Got a shimmering mace {holy}
 40051 | Elf:2    | Identified the +8 mace of the World {holy, rN+ MR- Int+4} (You took it off a deep elf elementalist on level 2 of the Elven Halls)
 40171 | Elf:3    | Noticed a deep elf master archer
 40194 | Elf:3    | Reached skill level 24 in Slings
 40298 | Elf:3    | Noticed a deep elf master archer
 40308 | Elf:3    | Killed a deep elf master archer
 40322 | Elf:3    | Killed a deep elf master archer
 40768 | Elf:3    | Got a bloodstained robe
 40769 | Elf:3    | Identified the +1 robe "Vicros" {rElec} (You found it on level 3 of the Elven Halls)
 40861 | Elf:3    | Learned a level 3 spell: Inner Flame
 40863 | Elf:3    | Got an iridescent hunting sling
 40864 | Elf:3    | Identified the +4 hunting sling of Desperation {freeze, rF- Dex+5} (You found it on level 3 of the Elven Halls)
 40876 | Elf:3    | Got an iridescent hand axe
 40877 | Elf:3    | Identified the +1 hand axe "Noraew" {drain, rC- MP+9 Str+5} (You found it on level 3 of the Elven Halls)
 40933 | Elf:3    | Reached skill level 1 in Shields
 41346 | D:8      | Bought an embroidered robe for 25 gold pieces
 41574 | Orc:2    | Bought a potion of curing for 39 gold pieces
 41574 | Orc:2    | Bought a potion of curing for 39 gold pieces
 41574 | Orc:2    | Bought 2 potions of haste for 260 gold pieces
 41574 | Orc:2    | Bought a potion of magic for 104 gold pieces
 41574 | Orc:2    | Bought a potion of cure mutation for 325 gold pieces
 41576 | Orc:2    | Bought 3 scrolls of fog for 90 gold pieces
 41576 | Orc:2    | Bought 3 scrolls of identify for 90 gold pieces
 41606 | Orc:2    | Bought the ring "Nydopu" {Ice rN+ MR+ Slay+3} for 761 gold pieces
 42557 | Snake:4  | Noticed Roxanne
 42730 | Snake:3  | Reached XP level 18. HP: 86/86 MP: 36/36
 42791 | Snake:3  | Noticed Aizul
 42823 | Snake:3  | Killed Aizul
 43078 | Snake:3  | Reached skill level 5 in Shields
 43462 | Snake:4  | Noticed Wiglaf
 43567 | Snake:4  | Noticed Mara
 43819 | Snake:4  | HP: 3/86 [Wiglaf/war axe (48)]
 45112 | Snake:4  | Noticed Norris
 45232 | Snake:4  | Killed Norris
 45428 | Snake:4  | Reached skill level 25 in Slings
 45547 | Snake:4  | Killed Wiglaf
 45964 | Snake:4  | Got a serpentine rune of Zot
 46271 | Swamp:1  | Entered Level 1 of the Swamp
 46586 | Swamp:1  | Reached XP level 19. HP: 89/89 MP: 37/37
 47210 | D:8      | Bought a scroll of enchant armour for 120 gold pieces
 47210 | D:8      | Bought a scroll of blinking for 120 gold pieces
 47210 | D:8      | Bought a scroll of teleportation for 48 gold pieces
 47210 | D:8      | Bought a scroll of identify for 32 gold pieces
 47210 | D:8      | Bought a scroll of summoning for 152 gold pieces
 47210 | D:8      | Bought a scroll of identify for 32 gold pieces
 47210 | D:8      | Bought a scroll of immolation for 56 gold pieces
 47210 | D:8      | Bought a scroll of immolation for 56 gold pieces
 47486 | Swamp:4  | Entered Level 4 of the Swamp
 47692 | Swamp:4  | Noticed the 27-headed Lernaean hydra
 47726 | Swamp:4  | Killed the 27-headed Lernaean hydra
 47726 | Swamp:4  | Reached skill level 26 in Slings
 48099 | Swamp:4  | Got a decaying rune of Zot
 48640 | D:15     | Learned a level 3 spell: Ignite Poison
 48644 | Depths:1 | Entered Level 1 of the Depths
 49019 | Depths:1 | Found a gateway to a ziggurat.
 49734 | Vaults:1 | Entered Level 1 of the Vaults
 49807 | Vaults:1 | Reached skill level 27 in Slings
 51330 | Vaults:4 | Reached XP level 20. HP: 94/94 MP: 22/38
 52608 | Depths:1 | HP: 3/94 [deep troll earth mage/blast of rock fragments (32)]
 52845 | D:15     | Bought a scroll of summoning for 95 gold pieces
 52845 | D:15     | Bought a scroll of blinking for 75 gold pieces
 52845 | D:15     | Bought a scroll of fear for 35 gold pieces
 52845 | D:15     | Bought a scroll of teleportation for 30 gold pieces
 52845 | D:15     | Bought a scroll of fog for 20 gold pieces
 53086 | Depths:1 | Found a one-way gate to the infinite horrors of the Abyss.
 53257 | Zig:1    | Entered Level 1 of a ziggurat
 53257 | Zig:1    | Noticed Jief the pandemonium lord
 53303 | Zig:1    | Killed Jief the pandemonium lord
 53331 | Zig:2    | Entered Level 2 of a ziggurat
 53332 | Zig:2    | Noticed a Killer Klown
 53355 | Zig:2    | Killed a Killer Klown
 53392 | Zig:3    | Entered Level 3 of a ziggurat
 53460 | Zig:4    | Entered Level 4 of a ziggurat
 53661 | Zig:4    | Learned a level 3 spell: Gell's Gravitas
 53671 | Zig:4    | Reached XP level 21. HP: 98/98 MP: 39/39
 53680 | Zig:4    | Learned a level 3 spell: Confuse
 53682 | Zig:5    | Entered Level 5 of a ziggurat
 53696 | Zig:5    | Reached skill level 5 in Evocations
 53715 | Zig:5    | Shot with a bolt by a yaktaur captain

Skill      XL: |  1  2  3  4  5  6  7  8  9 10 11 12 13 14 15 16 17 18 19 20 21 |
---------------+----------------------------------------------------------------+-----
Slings         | 5 6 7 9 10 12 14 15 17 18 19 20 22 24 25 27 | 27.0
Dodging        | 4 5 6 7 8 10 12 14 16 18 19 20 22 23 | 23.6
Spellcasting   | 3 6 9 11 13 | 13.0
Translocations | 4 6 8 |  8.4
Poison Magic   | 6 7 |  7.6
Air Magic      | 4 5 |  5.0
Fighting       | 5 |  5.9
Stealth        | 7 10 | 10.4
Short Blades   | 5 |  5.0
Shields        | 3 8 |  8.0
Evocations     | 4 6 |  6.0
Hexes          | 3 |  3.8

Action                   |  1- 3 |  4- 6 |  7- 9 | 10-12 | 13-15 | 16-18 | 19-21 || total
-------------------------+-------+-------+-------+-------+-------+-------+-------++-------
Melee: Short sword       |    12 |       |     5 |       |       |       |       ||    17
       Quarterstaff      |       |       |       |   183 |    56 |       |       ||   239
       Dagger            |       |       |       |       |    15 |   130 |     1 ||   146
 Fire: Hunting sling     |   148 |   175 |   404 |  1276 |  2572 |  1889 |  1301 ||  7765
       Blowgun           |       |       |    23 |    45 |    17 |     6 |       ||    91
Throw: Stone             |       |       |       |       |       |    33 |       ||    33
 Cast: Blink             |       |       |       |    18 |   101 |   100 |    27 ||   246
       Passage of Golubr |       |       |       |     3 |     7 |    11 |     6 ||    27
       Shroud of Golubri |       |       |       |     1 |     6 |    68 |    15 ||    90
       Mephitic Cloud    |       |       |       |       |    90 |   174 |    10 ||   274
       Apportation       |       |       |       |       |    89 |    40 |   123 ||   252
       Olgreb's Toxic Ra |       |       |       |       |     5 |     4 |    12 ||    21
       Summon Butterflie |       |       |       |       |       |     3 |       ||     3
       Repel Missiles    |       |       |       |       |       |     9 |     5 ||    14
       Teleport Other    |       |       |       |       |       |     2 |       ||     2
       Cure Poison       |       |       |       |       |       |     1 |       ||     1
       Tukima's Dance    |       |       |       |       |       |     2 |       ||     2
       Ignite Poison     |       |       |       |       |       |       |    60 ||    60
Invok: Call Merchant     |       |       |     1 |     1 |     4 |     1 |     2 ||     9
       Potion Petition   |       |       |       |       |       |     1 |       ||     1
Evoke: Wand              |       |       |       |     2 |    19 |    15 |     3 ||    39
       Box of beasts     |       |       |       |       |       |     3 |    13 ||    16
       Phial of floods   |       |       |       |       |       |       |     1 ||     1
  Use: Scroll            |     7 |     6 |    13 |     8 |    10 |    17 |     3 ||    64
       Potion            |       |       |     1 |       |     7 |    23 |     3 ||    34
 Stab: Confused          |       |       |       |       |       |    29 |       ||    29
       Sleeping          |       |       |       |       |       |     6 |     1 ||     7
       Invisible         |       |       |       |       |       |     6 |       ||     6
       Distracted        |       |       |       |       |       |     2 |       ||     2
  Eat: Fruit             |     4 |     2 |       |       |     5 |       |       ||    11
       Pizza             |       |       |       |     6 |     7 |     3 |       ||    16
       Royal jelly       |       |       |       |       |       |     1 |       ||     1
       Bread ration      |       |       |       |       |       |     1 |     1 ||     2
Armor: Robe              |     4 |     2 |     4 |    10 |    23 |    29 |    10 ||    82
Dodge: Dodged            |    55 |    26 |    71 |   295 |   513 |   559 |   215 ||  1734
       Deflected         |       |       |       |       |       |    38 |    11 ||    49
Block: Buckler           |       |       |       |       |       |   133 |   134 ||   267
